 Dungeon Crawl Stone Soup version 0.29-a0-732-g3d7fbe0af2 (webtiles) character file.

Game seed: 16611574891686644086

95405 HoaS the Marksgargoyle (level 16, -12/104 HPs)
             Began as a Gargoyle Hunter on June 29, 2022.
             Was a High Priest of Okawaru.
             Killed from afar by Azrael (35 damage)
             ... with a bolt of fire
             ... on level 2 of the Orcish Mines.
             The game lasted 00:53:43 (27425 turns).

HoaS the Marksgargoyle (Gargoyle Hunter)           Turns: 27425, Time: 00:53:43

Health: -12/104    AC: 35    Str: 18    XL:     16   Next: 14%
Magic:  23/23      EV: 21    Int: 11    God:    Okawaru [*****.]
Gold:   1988       SH:  5    Dex: 25    Spells: 15/15 levels left

rFire   . . .      SeeInvis .   s - +4 arbalest (flame)
rCold   . . .      Faith    .   (shield currently unavailable)
rNeg    + . .      Spirit   .   o - +1 steam dragon scales
rPois   ∞          Reflect  +   H - +2 helmet "Mauthut" {Str+2 Stlth+}
rElec   +          Harm     .   w - +2 cloak {rCorr}
rCorr   +          Rampage  .   B - +2 pair of gloves
Will    ++...                   h - +2 pair of boots {Stlth+}
Stlth   ++++......              i - amulet of reflection
HPRegen 0.27/turn               F - +6 ring of dexterity
MPRegen 0.18/turn               p - ring of willpower

@: flying
A: sickness immunity, AC +12, big wings, negative energy resistance 1,
electricity resistance, torment resistance 1, petrification resistance
a: Renounce Religion, Heroism, Finesse, Duel


You were on level 2 of the Orcish Mines.
You worshipped Okawaru.
Okawaru was extremely pleased with you.
You visited 4 branches of the dungeon, and saw 24 of its levels.
You also visited: Sewer.

You collected 2210 gold pieces.
You spent 222 gold pieces at shops.

Inventory:

Hand Weapons
 s - a +4 arbalest of flaming (weapon)
 I - a +4 longbow of freezing
Armour
 h - a +2 pair of boots of stealth (worn)
 o - +1 steam dragon scales (worn)
 w - a +2 cloak of preservation (worn)
 B - a +2 pair of gloves (worn)
 H - the +2 helmet "Mauthut" (worn) {Str+2 Stlth+}
   (Okawaru gifted it to you on level 4 of the Lair of Beasts)

   Str:       It affects your strength (+2).
   Stlth:     It makes you more stealthy.
Jewellery
 i - an amulet of reflection (around neck)
 p - a ring of willpower (right hand)
 q - a ring of ice
 t - a ring of ice
 y - a ring of resist corrosion
 F - a +6 ring of dexterity (left hand)
 G - a ring of positive energy
Wands
 a - a wand of mindburst (36)
 d - a wand of polymorph (16)
 f - a wand of digging (13)
 A - a wand of iceblast (11)
 E - a wand of acid (23)
 K - a wand of flame (30)
Scrolls
 b - 5 scrolls of immolation
 c - 8 scrolls of fear
 e - 7 scrolls of blinking
 n - 12 scrolls of teleportation
 r - 2 scrolls of fog
 x - 3 scrolls of poison
 z - 3 scrolls of magic mapping
 D - 7 scrolls of identify
 L - a scroll of enchant weapon
 N - a scroll of silence
Potions
 g - 11 potions of mutation
 j - 6 potions of attraction
 k - 3 potions of might
 l - 7 potions of cancellation
 m - 13 potions of curing
 u - 2 potions of lignification
 v - 3 potions of resistance
 C - 3 potions of haste
 M - a potion of berserk rage


   Skills:
 * Level 13.4 Fighting
 - Level 18.0 Ranged Weapons
 * Level 13.2 Armour
 * Level 10.5 Dodging
 - Level 1.1 Stealth
 - Level 9.5 Invocations


You had 15 spell levels left.
You didn't know any spells.
Your spell library contained the following spells:

 Spells                   Type           Power      Damage    Failure   Level
 Apportation              Tloc           0%         N/A       34%         1
 Necrotize                Necr           0%         1d4       34%         1
 Ensorcelled Hibernation  Hex/Ice        0%         N/A       47%         2
 Passwall                 Tmut/Erth      0%         N/A       47%         2
 Scorch                   Fire           0%         2d5       47%         2
 Swiftness                Air            0%         N/A       71%         3
 Vampiric Draining        Necr           0%         2d6       71%         3
 Airstrike                Air            0%         N/A       98%         4
 Flame Wave               Conj/Fire      0%         2d4       98%         4
 Hailstorm                Conj/Ice       0%         3d3       98%         4
 Ice Form                 Ice/Tmut       0%         N/A       98%         4
 Petrify                  Tmut/Erth      0%         N/A       98%         4
 Agony                    Necr           0%         N/A       100%        5
 Alistair's Intoxication  Tmut/Pois      0%         N/A       100%        5
 Lightning Bolt           Conj/Air       0%         1d11      100%        5
 Metabolic Englaciation   Hex/Ice        0%         N/A       100%        5
 Conjure Ball Lightning   Conj/Air       0%         3x3d6     100%        6
 Storm Form               Tmut/Air       0%         N/A       100%        7
 Discord                  Hex            0%         N/A       100%        8
 Disjunction              Tloc           0%         N/A       100%        8
 Ignition                 Fire           0%         3d3       100%        8
 Maxwell's Capacitive Co  Air            0%         ∞         100%        8
 Sublimation of Blood     Necr           Unusable   N/A       N/A         2
 Summon Lightning Spire   Summ/Air       Unusable   N/A       N/A         4
 Simulacrum               Ice/Necr       Unusable   N/A       N/A         6
 Statue Form              Tmut/Erth      Unusable   N/A       N/A         6
 Summon Cactus Giant      Summ           Unusable   N/A       N/A         6

Dungeon Overview and Level Annotations

Branches:
Dungeon (15/15)            Temple (1/1) D:6            Lair (6/6) D:10
  Swamp (0/4) Lair:4       Spider (0/4) Lair:4        Slime (0/5) Lair:6
    Orc (2/2) D:9          Vaults (0/5) D:14         Depths (0/4) D:15
  Sewer (visited)
    Elf: Orc:2

Altars:
Ashenzari
Cheibriados
Dithmenos
Elyvilon
Fedhas
Gozag
Hepliaklqana
Kikubaaqudgha
Makhleb
Nemelex Xobeh
Okawaru
Qazlal
Ru
Sif Muna
Trog
Uskayaw
Vehumet
Wu Jian
Xom
Yredelemnul
Zin
The Shining One
Beogh

Shops:
D:1 (   D:9 ?   Orc:2 (

Annotations:
Lair:6 1 runed translucent door
Orc:2 Azrael


Innate Abilities, Weirdness & Mutations

You are immune to sickness and miasma.
Your stone body is resilient. (AC +12)
You are immune to poison.
Your large and strong wings let you fly.
You resist negative energy. (rN+)
You are resistant to electric shocks. (rElec)
You are resistant to unholy torment.
You are immune to petrification.


Message History

No target in view!
No target in view!
You start waiting.
Azrael is nearby!
You shoot a bolt. The bolt hits Azrael.
Azrael is lightly wounded.
You shoot a bolt. The bolt hits Azrael!
Azrael is lightly wounded.
Azrael gestures at you.
The sphere of damnation explodes!
The damnation engulfs you!!
You hear a shout! x4
You shoot a bolt. The bolt completely misses Azrael.
You shoot a bolt. The bolt hits Azrael!!
Azrael is heavily wounded.
Azrael gestures at you. The bolt of fire hits you!!
You are too injured to fight recklessly!
You are too injured to fight recklessly!
You are too injured to fight recklessly!
Fire: s) +4 arbalest (flame)
Press: ? - help, Q - select action, (/) - cycle Shift-Dir - straight line, f/p - Azrael
Aim: Azrael, wielding a +2 scimitar of flaming (heavily wounded)
You shoot a bolt. The bolt hits Azrael.
Azrael is heavily wounded.
A gnoll comes into view. It is wielding a +0 spear.
An orc comes into view. It is wielding a +0 war axe.
Fire: s) +4 arbalest (flame)
Press: ? - help, Q - select action, (/) - cycle Shift-Dir - straight line, f/p - Azrael
Aim: Azrael, wielding a +2 scimitar of flaming (heavily wounded)
You shoot a bolt. The bolt hits Azrael!!
Azrael is severely wounded.
Azrael gestures at you.
The fireball explodes!
The fireball engulfs you!!
* * * LOW HITPOINT WARNING * * *
You hear a shout! x2
You feel better.
Azrael blows smoke rings.
Azrael gestures at you. The bolt of fire hits you!!
You die...

................○.
....).............
..................
...$.[o).....°....
#....).<[...R....
####....).....## #
#...##......##..#
##.# ##.[........
## #[.@.......
#...$......
#...........
#...........
#..#.#......
..)##....g.. #.)#
...#... ...
.##....


You could see Azrael, a gnoll and an orc.

Vanquished Creatures
  Jorgrun (Orc:1)
  Agnes (D:14)
  A caustic shrike zombie (D:15)
  Josephine (D:14)
  A vault guard (D:14)
  7 hydras
  4 ogre magi
  3 boulder beetles
  A centaur warrior (D:14)
  4 catoblepae
  A death knight (D:14)
  13 death yaks
  10 two-headed ogres
  A vampire mage (D:14)
  Urug (Lair:1)
  2 skeletal warriors (D:14)
  An orc knight (Orc:1)
  Pikel (D:4)
  A deep elf pyromancer (D:13)
  A necromancer (D:15)
  10 ugly things
  The ghost of dezertu the Skirmisher, a novice SpHu of Dithmenos (D:9)
  An orc sorcerer (Orc:2)
  7 cyclopes
  5 manticores
  7 oklob plants
  8 black mambas
  15 elephants
  A frost giant skeleton (D:15)
  2 torpor snails
  A gargoyle (D:12)
  16 cane toads
  Maggie (Lair:2)
  5 rime drakes
  Psyche (D:10)
  An efreet (D:14)
  2 freezing wraiths
  A yaktaur (D:15)
  8 komodo dragons
  A spriggan skeleton (D:15)
  5 trolls
  A meliai (Lair:4)
  Grinder (Sewer)
  2 hornets
  4 slime creatures (D:14)
  16 blink frogs
  3 dream sheep (Lair:2)
  Sigmund (D:3)
  A spriggan zombie (D:15)
  2 water elementals (D:15)
  A shadow (D:12)
  67 yaks
  3 wyverns
  2 vampires
  A basilisk (shapeshifter) (D:14)
  5 wraiths
  Eustachio (D:6)
  A steam dragon (D:7)
  4 fire elementals (Orc:1)
  Grum (Lair:1)
  8 basilisks
  6 vampire mosquitoes
  Menkaure (D:6)
  An acid dragon (D:11)
  19 water moccasins
  3 hell hounds (Orc:1)
  A floating eye (Orc:1)
  18 orc warriors
  3 black bears
  A sky beast (D:7)
  2 ice beasts
  12 ogres
  3 centaurs
  3 wolves (Lair:1)
  2 lemures
  A phantom (Sewer)
  18 bullfrogs
  8 kobold brigands
  A necrophage (D:6)
  A scorpion (D:5)
  4 gnoll sergeants
  12 wights
  9 killer bees
  8 electric eels (Lair:4)
  2 howler monkeys
  7 orc priests
  A jelly (D:6)
  A gnoll shaman (Lair:2)
  Crazy Yiuf (D:7)
  5 iguanas
  13 orc wizards
  5 adders
  10 gnolls
  3 shadow imps
  8 ufetubi
  An adder zombie (Sewer)
  A worm (D:2)
  4 dart slugs
  65 orcs
  10 ball pythons
  6 endoplasms
  6 giant cockroaches
  9 goblins
  8 hobgoblins
  11 jackals
  50 kobolds
  9 quokkas
  7 bats
  A kobold zombie (Sewer)
  8 rats
669 creatures vanquished.

Vanquished Creatures (others)
  An orc wizard (Orc:1)
  3 orcs (Orc:2)
  19 fungi
  58 plants
  9 withered plants (D:15)
90 creatures vanquished.

Grand Total: 759 creatures vanquished

Notes
Turn   | Place    | Note
-------+----------+-------------------------------------------
     0 | D:1      | HoaS the Gargoyle Hunter began the quest for the Orb.
     0 | D:1      | Reached XP level 1. HP: 12/12 MP: 1/1
   455 | D:1      | Reached XP level 2. HP: 17/17 MP: 2/2
   459 | D:1      | Found Huttauch's Antique Weapon Emporium.
   682 | D:1      | Reached XP level 3. HP: 21/21 MP: 3/3
   782 | D:1      | Reached skill level 5 in Ranged Weapons
  1339 | D:2      | You fall into a shaft and drop 2 floors!
  1364 | D:4      | Noticed a lemure
  1364 | D:4      | Noticed a lemure
  1364 | D:4      | Noticed Pikel
  1428 | D:4      | Killed a lemure
  1711 | D:4      | Reached XP level 4. HP: 13/26 MP: 4/4
  1986 | D:3      | Found a glowing drain.
  2014 | Sewer    | Entered a sewer
  2069 | Sewer    | Reached skill level 6 in Ranged Weapons
  2096 | Sewer    | Reached XP level 5. HP: 30/30 MP: 5/5
  2129 | Sewer    | Noticed a kobold brigand
  2144 | Sewer    | Killed a kobold brigand
  2163 | Sewer    | Noticed Grinder
  2188 | Sewer    | Paralysed by Grinder for 3 turns
  2193 | Sewer    | Killed Grinder
  2194 | Sewer    | Reached skill level 7 in Ranged Weapons
  2194 | Sewer    | Reached XP level 6. HP: 4/35 MP: 6/6
  2232 | Sewer    | Reached skill level 8 in Ranged Weapons
  2491 | Sewer    | Reached XP level 7. HP: 36/40 MP: 7/7
  2497 | Sewer    | Found an ancient bone altar of Kikubaaqudgha.
  2736 | D:3      | Found a faded altar of an unknown god.
  2736 | D:3      | Noticed Sigmund
  2750 | D:3      | Killed Sigmund
  2751 | D:3      | Reached skill level 9 in Ranged Weapons
  3264 | D:1      | Bought a glowing shortbow for 132 gold pieces
  3746 | D:3      | Found a hide-covered altar of Uskayaw.
  3746 | D:3      | Noticed a +0 dagger
  3746 | D:3      | Noticed a +0 spear
  3746 | D:3      | Noticed a +0 falchion
  3747 | D:3      | Noticed a +0 falchion
  3748 | D:3      | Noticed a +0 spear
  3749 | D:3      | Noticed a +0 dagger
  3750 | D:3      | Noticed a +0 short sword
  3750 | D:3      | Noticed a +0 short sword
  4111 | D:4      | Killed Pikel
  4112 | D:4      | Reached skill level 10 in Ranged Weapons
  4112 | D:4      | Reached XP level 8. HP: 41/44 MP: 8/8
  4365 | D:5      | Entered Level 5 of the Dungeon
  4673 | D:5      | Reached skill level 11 in Ranged Weapons
  5284 | D:5      | Reached skill level 12 in Ranged Weapons
  5284 | D:5      | Reached XP level 9. HP: 48/48 MP: 9/9
  5458 | D:6      | Found a shimmering altar of Xom.
  5538 | D:6      | Noticed Eustachio
  5551 | D:6      | Killed Eustachio
  5605 | D:6      | Noticed Menkaure
  5611 | D:6      | Killed Menkaure
  5771 | D:6      | Reached skill level 13 in Ranged Weapons
  5834 | D:6      | Found a staircase to the Ecumenical Temple.
  5841 | Temple   | Entered the Ecumenical Temple
  5955 | Temple   | Became a worshipper of Warmaster Okawaru
  6167 | D:6      | Reached skill level 1 in Invocations
  6904 | D:7      | Noticed a hornet
  6921 | D:7      | Reached * piety under Okawaru
  6927 | D:7      | Reached XP level 10. HP: 51/53 MP: 9/12
  6932 | D:7      | Reached skill level 14 in Ranged Weapons
  6942 | D:7      | Found a blossoming altar of Fedhas.
  7244 | D:7      | Found a runed translucent door.
  7245 | D:7      | Noticed Crazy Yiuf
  7790 | D:7      | Killed Crazy Yiuf
  7938 | D:8      | Found a radiant altar of Vehumet.
  7943 | D:8      | Found a shadowy altar of Dithmenos.
  7944 | D:8      | Found a basalt altar of Yredelemnul.
  8243 | D:8      | Found a white marble altar of Elyvilon.
  8722 | D:9      | Found a staircase to the Orcish Mines.
  8802 | D:9      | Reached ** piety under Okawaru
  9063 | D:9      | Reached skill level 15 in Ranged Weapons
  9143 | D:9      | Found a runed translucent gate.
  9144 | D:9      | Found a runed translucent gate.
  9144 | D:9      | Found a runed translucent gate.
  9349 | D:9      | Reached *** piety under Okawaru
  9350 | D:9      | Reached skill level 16 in Ranged Weapons
  9369 | D:9      | Reached skill level 1 in Armour
  9378 | D:9      | Reached XP level 11. HP: 46/59 MP: 13/13
  9793 | D:9      | Found Fuon's Magic Scroll Shop.
  9797 | D:9      | Bought a scroll of teleportation for 45 gold pieces
  9797 | D:9      | Bought a scroll of teleportation for 45 gold pieces
  9976 | D:9      | Noticed dezertu's ghost (novice SpHu)
 10265 | D:10     | Entered Level 10 of the Dungeon
 10282 | D:10     | Reached **** piety under Okawaru
 10701 | D:10     | Noticed a two-headed ogre
 10707 | D:10     | Killed a two-headed ogre
 10897 | D:10     | Noticed Psyche
 10907 | D:10     | Killed Psyche
 10957 | D:10     | Found a staircase to the Lair.
 11031 | Lair:1   | Entered Level 1 of the Lair of Beasts
 11121 | Lair:1   | Noticed Urug
 11141 | Lair:1   | Killed Urug
 11141 | Lair:1   | Reached ***** piety under Okawaru
 11148 | Lair:1   | Reached skill level 5 in Fighting
 11167 | Lair:1   | Identified the +1 plate armour "Iwome" {Harm Str+3 Dex-3}
                  | (Okawaru gifted it to you on level 1 of the Lair of Beasts)
 11167 | Lair:1   | Received a gift from Okawaru
 11197 | Lair:1   | Identified a scroll of acquirement
 11197 | Lair:1   | Acquired a +2 arbalest of flaming
 11205 | Lair:1   | Noticed Grum
 11210 | Lair:1   | Killed Grum
 11428 | Lair:1   | Noticed a boulder beetle
 11433 | Lair:1   | Killed a boulder beetle
 11561 | Lair:1   | Noticed an eight-headed hydra
 11568 | Lair:1   | Killed an eight-headed hydra
 11944 | Lair:2   | Reached XP level 12. HP: 68/68 MP: 15/15
 11950 | Lair:1   | Reached skill level 17 in Ranged Weapons
 12379 | Lair:2   | Noticed Maggie
 12382 | Lair:2   | Killed Maggie
 12451 | Lair:2   | Noticed a death yak
 12485 | Lair:2   | Killed a death yak
 12720 | Lair:2   | Identified the +7 longbow of Revolt {flame, *Slow Will+
                  | Str+3 Int+2} (Okawaru gifted it to you on level 2 of the
                  | Lair of Beasts)
 12720 | Lair:2   | Received a gift from Okawaru
 12721 | Lair:2   | Reached skill level 18 in Ranged Weapons
 12883 | Lair:2   | Reached skill level 5 in Armour
 13555 | Lair:2   | Reached skill level 5 in Invocations
 13827 | Lair:2   | Noticed a death yak
 13828 | Lair:2   | Noticed a death yak
 13835 | Lair:2   | Noticed a death yak
 13836 | Lair:2   | Noticed a death yak
 13838 | Lair:2   | Noticed a death yak
 13839 | Lair:2   | Killed a death yak
 13840 | Lair:2   | Reached skill level 5 in Dodging
 13846 | Lair:2   | Killed a death yak
 13852 | Lair:2   | Killed a death yak
 13853 | Lair:2   | Reached XP level 13. HP: 68/76 MP: 9/17
 14178 | Lair:2   | Identified the +2 buckler of Compassion {Str+6} (Okawaru
                  | gifted it to you on level 2 of the Lair of Beasts)
 14178 | Lair:2   | Received a gift from Okawaru
 14490 | Lair:3   | Reached ****** piety under Okawaru
 14591 | Lair:3   | Found a dark tunnel.
 15872 | Lair:4   | Found a hole to the Spider Nest.
 16081 | Lair:4   | Got the Reference Book on Scorching Unholy Magic
 16219 | Lair:4   | Found a staircase to the Swamp.
 16273 | Lair:4   | Identified the +1 plate armour of Baldness {rPois Regen+
                  | Str+3}
 16398 | Lair:4   | Acquired 411 gold pieces
 16607 | Lair:4   | Identified the +2 helmet "Mauthut" {Str+2 Stlth+} (Okawaru
                  | gifted it to you on level 4 of the Lair of Beasts)
 16607 | Lair:4   | Received a gift from Okawaru
 16891 | Lair:4   | Gained mutation: Your large and strong wings let you fly.
                  | [Gargoyle growth]
 16891 | Lair:4   | Reached XP level 14. HP: 86/86 MP: 19/19
 17242 | D:9      | Killed dezertu's ghost
 18059 | Lair:6   | Entered Level 6 of the Lair of Beasts
 18068 | Lair:5   | Reached skill level 10 in Fighting
 18601 | Lair:6   | Found a runed translucent door.
 18607 | Lair:6   | Reached skill level 10 in Armour
 18615 | Lair:6   | Found a staircase to the Slime Pits.
 19149 | Lair:6   | Received a gift from Okawaru
 20143 | D:11     | Found a blossoming altar of Fedhas.
 21139 | D:12     | Reached XP level 15. HP: 95/95 MP: 21/21
 21808 | Orc:1    | Entered Level 1 of the Orcish Mines
 22282 | Orc:2    | Entered Level 2 of the Orcish Mines
 22282 | Orc:2    | Noticed Azrael
 22282 | Orc:2    | Found Luitose's Weapon Boutique.
 22284 | Orc:2    | Noticed Jorgrun
 22316 | Orc:1    | HP: 2/96 [fire elemental[Azrael] (8)]
 23701 | D:13     | Received a gift from Okawaru
 24984 | D:14     | Noticed Josephine
 25250 | D:14     | Found a stormy altar of Qazlal.
 25306 | D:14     | Noticed Agnes
 25312 | D:14     | Killed Agnes
 25312 | D:14     | Received a gift from Okawaru
 25460 | D:14     | Found a gate to the Vaults.
 26117 | D:14     | Reached skill level 10 in Dodging
 26120 | D:14     | Killed Josephine
 26225 | D:15     | Entered Level 15 of the Dungeon
 26225 | D:15     | Found a staircase to the Depths.
 26289 | D:14     | Received a gift from Okawaru
 26701 | D:15     | Reached XP level 16. HP: 104/104 MP: 23/23
 27256 | Orc:1    | Killed Jorgrun
 27425 | Orc:2    | Killed from afar by Azrael

Illustrated notes

Levels and vault maps discovered:
D:1:      shiori_arrival_elements, layout_basic, serial_shops, shop_statue,
          serial_forest, infiniplex_forest_corner_1, infiniplex_forest_lined_1,
          infiniplex_forest_straight_4, infiniplex_forest_straight_5,
          infiniplex_forest_fountain, infiniplex_forest_straight_4,
          kennysheep_flooded_box, minmay_tall_x
D:2:      layout_basic, serial_corexii_hall, corexii_hall_statues_l,
          chequers_hall_statues_corner_a, corexii_hall_statues_u,
          chequers_hall_statues_wall_a, corexii_hall_statues_l,
          corexii_hall_statues_t
D:3:      layout_loops_ring, nicolae_uskayaw_en_pointe, gup_sewer_entry_pipe,
          basic_ecumenical_altar, uniq_sigmund
D:4:      layout_basic, uniq_pikel
D:5:      layout_basic
D:6:      cheibrodos_thug_alley, layout_basic, xom_teletrap_fun,
          minmay_temple_entry_arrows, serial_glass, glass_columns_c,
          glass_columns_b, glass_columns_a, feat_on_display, uniq_menkaure,
          uniq_eustachio
D:7:      layout_layer_cave, minmay_ruined_shrine, uniq_crazy_yiuf_cottage
D:8:      layout_basic, overflow_temple_1_default,
          chequers_temple_overflow_statue_of_worship, minivault_10
D:9:      layout_basic, kennysheep_orc_monster_closet_entryway,
          gammafunk_ghost_spectres, serial_shops, shop
D:10:     layout_roguey, lair_entry_dummy, kennysheep_minor_cross, uniq_psyche
D:11:     layout_grid_maze, fedhas_altar_3
D:12:     layout_loops_corners
D:13:     layout_long_grid, special_room [special_room_orc]
D:14:     layout_roguey, david_vaults_5, nicolae_qazlal_style_of_elements,
          uniq_josephine, uniq_agnes
D:15:     gammafunk_depths_entry_grave, layout_rooms, chequers_big_river
Temple:   kb_temple_of_zot
Lair:1:   layout_long_grid, nzn_sisyphean_effort, grunt_megastairs_5, uniq_urug,
          uniq_grum
Lair:2:   minmay_lair_oklob_tunnel, layout_chaotic_city,
          dreamdust_gnoll_shepherd, lemuel_fruit_fields, uniq_maggie
Lair:3:   layout_roguey, enter_volcano_2, minmay_holes,
          hangedman_lair_generics_rect
Lair:4:   layout_gridlike, minmay_swamp_entry_eels,
          hellmonk_spider_entry_not_the_bees, chequers_serial_rivers_room_b,
          dpeg_oklob_1
Lair:5:   layout_loops_ring
Lair:6:   evilmike_catoblepas_cave, layout_loops_ring, slime_entry_2
Orc:1:    hellmonk_paralyzer, layout_diamond_mine, led_sif_book
Orc:2:    kennysheep_orc_mage_school, layout_caves, serial_shops, shop,
          mines1_david, uniq_azrael, uniq_jorgrun

Skill      XL: |  1  2  3  4  5  6  7  8  9 10 11 12 13 14 15 16 |
---------------+-------------------------------------------------+-----
Ranged Weapons | 5 6 7 8 10 12 13 16 18 | 18.0
Invocations    | 3 4 5 7 8 9 |  9.5
Armour         | 1 4 6 9 11 12 13 | 13.2
Dodging        | 2 4 5 7 8 10 | 10.5
Fighting       | 5 7 9 11 13 | 13.4
Stealth        | |  1.1

Action                   |  1- 3 |  4- 6 |  7- 9 | 10-12 | 13-15 | 16-18 || total
-------------------------+-------+-------+-------+-------+-------+-------++-------
Melee: Shortbow          |       |       |     1 |       |       |       ||     1
       Arbalest          |       |       |       |       |     1 |       ||     1
 Fire: Shortbow          |   123 |   149 |   332 |   443 |       |       ||  1047
       Arbalest          |       |       |       |   282 |  1108 |    82 ||  1472
Invok: Heroism           |       |       |     1 |     4 |     6 |     1 ||    12
       Finesse           |       |       |       |     1 |     4 |     1 ||     6
  Use: Scroll            |     5 |       |     9 |     8 |    13 |       ||    35
       Potion            |     1 |     1 |     1 |     5 |     3 |     1 ||    12
Armor: Leather armour    |    35 |    66 |    34 |       |       |       ||   135
       Ring mail         |       |       |    16 |   114 |       |       ||   130
       Skin              |       |       |       |     5 |       |       ||     5
       Steam dragon scal |       |       |       |     9 |   338 |    17 ||   364
Dodge: Dodged            |    40 |    82 |    77 |   141 |   547 |    32 ||   919
Block: Other             |       |       |       |    44 |   177 |     6 ||   227
       Reflection        |       |       |       |     1 |     2 |     2 ||     5

Table legend: (Time is in decaauts)
 A = Elapsed time spent in this place.
 B = Non-inter-level travel time spent in this place.
 C = Inter-level travel time spent in this place.
 D = Time resting spent in this place.
 E = Time spent auto-exploring this place.
 F = Levels seen in this place.
 G = Mean time per level.
                   A        B        C        D        E       F      G
               +--------+--------+--------+--------+--------+-----+--------+
         Total |  27365 |  25561 |   1804 |   7955 |  13376 |  25 | 1094.6 |
       Dungeon |  15643 |  14517 |   1126 |   2934 |   9282 |  15 | 1042.9 |
        Temple |    131 |     91 |     40 |      0 |     80 |   1 |  131.0 |
          Lair |   8832 |   8276 |    556 |   3151 |   3723 |   6 | 1472.0 |
  Orcish Mines |   2010 |   1928 |     82 |   1521 |    134 |   2 | 1005.0 |
         Sewer |    746 |    746 |      0 |    348 |    156 |   1 |  746.0 |
               +--------+--------+--------+--------+--------+-----+--------+

Top non-repeatable levels by time:
  Lair:2: 2488 daAuts
   Orc:1: 1893 daAuts
     D:9: 1851 daAuts
  Lair:6: 1575 daAuts
  Lair:3: 1358 daAuts
    D:14: 1335 daAuts
  Lair:4: 1330 daAuts
     D:1: 1302 daAuts
    D:12: 1250 daAuts
     D:7: 1243 daAuts
  Lair:5: 1059 daAuts
    D:13: 1043 daAuts
  Lair:1: 1019 daAuts
     D:5: 1011 daAuts
     D:6: 983 daAuts
